 Dungeon Crawl Stone Soup version 0.25-a0-842-g81a31cfd23 (webtiles) character file.

Game seed: 9409898020940868727, levelgen mode: deterministic

214339 kae the Impregnable (level 18, 0/169 HPs)
             Began as a Hill Orc Fighter on Apr 24, 2020.
             Was the Champion of Qazlal.
             Slain by Mara (illusionary)
             ... wielding a +4 demon whip of electrocution
              (12 damage)
             ... on level 4 of the Swamp.
             The game lasted 00:41:06 (37653 turns).

kae the Impregnable (Hill Orc Fighter)             Turns: 37653, Time: 00:41:07

Health: 0/169      AC: 45    Str: 35    XL:     18   Next: 99%
Magic:  0/30       EV:  9    Int: 11    God:    Qazlal [******]
Gold:   2128       SH:  8    Dex: 16    Spells: 17/17 levels left

rFire    + . .     SeeInvis .   P - +7 battleaxe (vorpal)
rCold    . . .     Gourm    .   (shield currently unavailable)
rNeg     . . .     Faith    .   L - +10 plate armour {ponderous}
rPois    +         Spirit   +   (helmet restricted)
rElec    .         Reflect  .   v - +2 cloak {rPois}
rCorr    +         Harm     .   X - +2 pair of gloves {Str+3}
MR       ++...                  s - +2 pair of boots
Stlth    ..........             i - amulet of guardian spirit
HPRegen  0.38/turn              w - ring of the Leaf {rPois rCorr Str+5}
MPRegen  0.22/turn              Z - ring of the Secret Dances {rPois rF+ MR+ Int+3 Dex+4}

@: protected from physical damage, studying Slings, repel missiles, slow
A: antennae 1, talons 1, agile 1, poison resistance, MP-powered wands
}: 1/15 runes: gossamer
a: Upheaval, Elemental Force, Disaster Area, Renounce Religion


You were on level 4 of the Swamp.
You worshipped Qazlal.
Qazlal was exalted by your worship.
You were not hungry.

You visited 5 branches of the dungeon, and saw 30 of its levels.
You also visited: Ossuary and Ice Cave.

You collected 3343 gold pieces.
You spent 1215 gold pieces at shops.

Inventory:

Hand Weapons
 D - a +4 battleaxe
 P - a +7 vorpal battleaxe (weapon)
Armour
 s - a +2 pair of boots (worn)
 v - a +2 cloak of poison resistance (worn)
 L - a +10 plate armour of ponderousness (worn)
 X - a +2 pair of gloves of strength (worn)
Jewellery
 b - the ring of Luikutash {*Tele +Blink Str-2 Int+9}
   (You took it off a boggart on level 15 of the Dungeon)

   [ring of teleportation]

   It may teleport you next to monsters.
   It affects your strength (-2).
   It affects your intelligence (+9).
   It lets you blink.
 i - an amulet of guardian spirit (around neck)
 o - an uncursed ring of see invisible
 q - a cursed ring of protection from magic
 w - the ring of the Leaf (left hand) {rPois rCorr Str+5}
   (You found it on level 4 of the Dungeon)

   [ring of resist corrosion]

   It affects your strength (+5).
   It protects you from poison.
   It provides partial protection from all sources of acid and corrosion.
 R - the ring of Ru's Condemnation {MP+9 Stlth+}
   (You took it off a big kobold on level 9 of the Dungeon)

   [ring of magical power]

   It affects your magic capacity (+9).
   It makes you more stealthy.
 T - an uncursed ring of protection from magic
 U - an uncursed ring of protection from cold
 Z - the ring of the Secret Dances (right hand) {rPois rF+ MR+ Int+3 Dex+4}
   (You took it off a spriggan on level 15 of the Dungeon)

   [ring of dexterity]

   It affects your intelligence (+3).
   It affects your dexterity (+4).
   It protects you from fire.
   It protects you from poison.
   It affects your resistance to hostile enchantments.
Wands
 h - a wand of digging (4)
 y - a wand of polymorph (31)
 B - a wand of flame (61)
 E - a wand of disintegration (44)
 H - a wand of paralysis (24)
 J - a wand of random effects (109)
 M - a wand of enslavement (9)
 O - a wand of iceblast (16)
 V - a wand of acid (18)
 W - a wand of scattershot (13)
Scrolls
 c - 3 scrolls of magic mapping
 g - 2 scrolls of enchant armour
 m - 17 scrolls of remove curse
 u - 6 scrolls of fear
 F - a scroll of holy word
 I - 2 scrolls of identify
 K - 2 scrolls of fog
 N - 14 scrolls of teleportation
Potions
 d - 2 potions of might
 e - 13 potions of curing
 j - 7 potions of ambrosia
 n - 3 potions of cancellation
 p - 3 potions of berserk rage
 t - 3 potions of heal wounds
 x - 7 potions of magic
 z - 2 potions of flight
 A - 3 potions of resistance
 C - 2 potions of mutation
 G - 2 potions of invisibility
 Q - 4 potions of lignification
 S - 2 potions of haste
 Y - 2 potions of brilliance
Books
 r - a manual of Slings
Comestibles
 f - 49 rations


   Skills:
 - Level 17.0 Fighting
 - Level 20.0 Axes
 + Level 22.0 Armour
   Level 3.2 Shields
 - Level 17.0 Invocations


You had 17 spell levels left.
You didn't know any spells.
Your spell library contained the following spells:

 Spells                   Type           Power        Failure   Level  Hunger
 Animate Skeleton         Necr           N/A          73%         1    ##.....
 Corona                   Hex            #......      73%         1    ##.....
 Pain                     Necr           #...         73%         1    ##.....
 Sandblast                Erth           #.....       73%         1    ##.....
 Summon Butterflies       Summ           #.......     73%         1    ##.....
 Ensorcelled Hibernation  Hex/Ice        #.....       86%         2    ###....
 Passwall                 Tmut/Erth      #.......     86%         2    ###....
 Call Canine Familiar     Summ           #.......     97%         3    ####...
 Confusing Touch          Hex            #.......     97%         3    ####...
 Dazzling Flash           Conj/Hex       #.....       97%         3    ####...
 Stone Arrow              Conj/Erth      #.....       97%         3    ####...
 Tukima's Dance           Hex            #.......     97%         3    ####...
 Vampiric Draining        Necr           #.........   97%         3    ####...
 Animate Dead             Necr           N/A          100%        4    #####..
 Ice Form                 Ice/Tmut       #.......     100%        4    #####..
 Petrify                  Tmut/Erth      #.......     100%        4    #####..
 Summon Ice Beast         Ice/Summ       #.......     100%        4    #####..
 Agony                    Necr           #.......     100%        5    ######.
 Bolt of Magma            Conj/Fire/Erth #.........   100%        5    ######.
 Iskenderun's Battlesphe  Conj/Chrm      #.......     100%        5    ######.
 Lee's Rapid Deconstruct  Erth           #.........   100%        5    ######.
 Metabolic Englaciation   Hex/Ice        #.........   100%        5    ######.
 Summon Mana Viper        Hex/Summ       #.......     100%        5    ######.
 Freezing Cloud           Conj/Ice/Air   #.........   100%        6    #######
 Iron Shot                Conj/Erth      #.........   100%        6    #######
 Ozocubu's Refrigeration  Ice            #.........   100%        6    #######
 Simulacrum               Ice/Necr       #.........   100%        6    #######
 Orb of Destruction       Conj           #.........   100%        7    #######
 Spellforged Servitor     Conj/Summ      #.........   100%        7    #######
 Summon Hydra             Summ           #.........   100%        7    #######


Dungeon Overview and Level Annotations

Branches:
Dungeon (15/15)            Temple (1/1) D:5            Lair (6/6) D:10
  Swamp (4/4) Lair:3       Spider (4/4) Lair:4        Slime (0/5) Lair:6
    Orc (0/2) D:10         Vaults (0/5) D:14         Depths (0/5) D:15
Ossuary (visited)           IceCv (visited)

Altars:
Ashenzari
Cheibriados
Dithmenos
Elyvilon
Fedhas
Gozag
Hepliaklqana
Kikubaaqudgha
Makhleb
Nemelex Xobeh
Okawaru
Qazlal
Ru
Sif Muna
Trog
Uskayaw
Vehumet
Wu Jian
Xom
Yredelemnul
Zin
The Shining One

Shops:
D:6 *   D:8 (   D:12 (   D:15 [[%

Annotations:
Lair:1 3 runed translucent doors, Lanoc's ghost, novice GnAK
Lair:2 2 transporters
Swamp:4 Mara
Spider:4 2 transporters, DrMuscles's ghost, adept MiBe


Innate Abilities, Weirdness & Mutations

You have a pair of small antennae on your head.
You have sharp toenails.
You are agile. (Dex +2)
Your system is resistant to poisons. (rPois)
You expend magic power (3 MP) to strengthen your wands.


Message History

Mara weaves an illusion.
Mara shimmers and seems to become two!
Kae's illusion hits you!
* * * LOW HITPOINT WARNING * * *
x2 You slice Mara!!
Mara is almost dead.
You hit kae's illusion. Mara hits you but does no damage.
You block Mara's attack.
You slice Mara!!
You kill Mara!
You hit kae's illusion but do no damage.
You hit Mara. You block kae's illusion's attack.
You barely miss Mara.
Mara is severely wounded.
You hit kae's illusion but do no damage.
Mara is engulfed in freezing vapours.
Mara hits you with a +4 demon whip of electrocution.
* * * LOW HITPOINT WARNING * * *
You feel more protected from physical attacks.
You are electrocuted!
You die...

♣♣♣♣♣♣♣♣♣♣♣ ♣♣♣♣≈..♣≈♣♣..♣♣♣
♣♣♣≈.<≈§§@@.≈≈...♣♣ ♣♣
♣.....≈..R[≈≈≈♣.≈≈♣ ≈.
.≈≈≈≈.≈..§R§.≈≈.§§≈≈♣♣ ♣♣♣.≈
.≈≈≈≈...≈≈.....♣♣♣♣≈.♣♣♣≈$≈≈
.≈≈≈≈.≈≈...≈≈≈♣♣♣♣≈.≈.♣♣$≈≈≈
♣♣....≈≈...≈≈♣♣ ♣.≈≈≈.≈..≈≈≈
♣≈..........♣♣♣♣♣≈≈≈≈≈≈!.≈≈.
§≈≈.......≈♣♣♣♣≈(.≈≈≈≈≈..(..
♣♣♣≈.≈...♣♣♣♣.)♣(≈≈≈≈≈♣♣@)♣


You could see 2 Maras and kae's illusion.

Vanquished Creatures
  Bai Suzhen (Spider:3)
  Arachne (Spider:3)
  Asterion (Spider:2)
  Frances (D:12)
  Agnes (D:15)
  3 thorn hunters
  A sphinx (D:15)
  A tengu reaver (D:15)
  3 frost giants
  3 ghost moths
  4 emperor scorpions
  A very ugly thing (Swamp:3)
  3 entropy weavers
  Azrael (D:15)
  3 spark wasps (Spider:4)
  An ettin (D:15)
  Snorg (Lair:4)
  A fire dragon (Lair:6)
  A rakshasa (D:15)
  5 vault guards
  11 hydras
  Harold (D:9)
  6 centaur warriors
  2 ghost crabs (Swamp:3)
  12 alligators
  3 shambling mangroves
  11 two-headed ogres
  8 death scarabs (Spider:4)
  8 death yaks
  4 ogre magi (D:15)
  Urug (D:13)
  2 spectral emperor scorpions (Spider:4)
  Sonja (D:12)
  A fire crab (Lair:6)
  A skeletal warrior (D:15)
  The ghost of SatoMori the Thaumaturge, a novice DECj of Sif Muna (D:11)
  4 swamp dragons
  2 unseen horrors
  A deep elf archer (D:15)
  A spriggan druid (Swamp:4)
  2 lindwurms
  Pikel (D:7)
  3 spectral wolf spiders (Spider:4)
  17 orb spiders
  4 wolf spider zombies
  8 ugly things
  5 cyclopes
  A manticore (D:14)
  A moth of wrath (Spider:4)
  17 wolf spiders
  4 elephants (Lair:4)
  2 guardian serpents (D:15)
  A naga mage (D:15)
  7 black mambas
  A torpor snail (Lair:4)
  3 molten gargoyles (Lair:6)
  6 centaur skeletons
  A gargoyle (D:10)
  A spectral redback (Spider:4)
  A kobold demonologist (D:15)
  2 rime drakes
  15 spiny frogs
  A yaktaur (D:15)
  3 efreet (D:15)
  A freezing wraith (D:15)
  12 komodo dragons
  13 demonic crawlers
  A redback zombie (Spider:4)
  A tengu conjurer (D:15)
  42 jumping spiders
  13 polar bears
  23 hornets
  A meliai (D:15)
  2 trolls
  10 tyrant leeches
  A jumping spider zombie (Spider:4)
  5 spectral jumping spiders (Spider:4)
  2 tarantella zombies (Spider:4)
  15 hippogriffs
  2 spectral tarantellas (Spider:4)
  12 blink frogs
  6 bog bodies
  14 slime creatures
  3 dream sheep (Lair:4)
  A centaur simulacrum (D:15)
  3 shadows
  17 spriggans
  72 redbacks
  2 vampires (D:15)
  54 yaks
  37 tarantellas
  6 wyverns
  3 fire elementals (D:15)
  A wraith (Ossuary)
  12 vampire mosquitoes
  10 basilisks
  2 steam dragons
  A harpy simulacrum (D:15)
  13 swamp worms
  2 nagas (D:15)
  An acid dragon (D:15)
  6 insubstantial wisps (Swamp:2)
  8 water moccasins
  7 hell hounds
  11 porcupines
  2 spectral hornets (Spider:4)
  2 floating eyes (D:15)
  6 swamp drakes
  2 slaves (D:7)
  4 sky beasts
  6 orc warriors
  5 ice beasts
  2 hornet zombies (Spider:4)
  2 black bears
  An eye of draining (D:8)
  7 necrophages
  10 ogres
  16 wolves
  4 boggarts (D:15)
  10 centaurs
  17 crocodiles
  4 big kobolds
  An elf zombie (Ossuary)
  19 bullfrogs
  A wyvern skeleton (D:12)
  4 scorpions
  A water moccasin skeleton (D:10)
  4 wights
  6 electric eels
  8 crimson imps
  4 howler monkeys
  5 lava snakes (Lair:6)
  4 centaur zombies
  2 bullfrog zombies
  12 hounds
  Crazy Yiuf (D:3)
  2 jellies
  6 orc priests
  3 iguanas
  8 orc wizards
  9 worker ants
  A killer bee zombie (D:10)
  A hound skeleton (D:11)
  4 mummies
  4 worker ant zombies
  18 adders
  5 shadow imps
  2 oozes
  An adder zombie (D:7)
  An adder skeleton (D:9)
  3 worms
  2 dart slugs (D:1)
  8 leopard geckos
  47 orcs
  A ball python (D:3)
  6 giant cockroaches
  A gnoll zombie (Ossuary)
  10 hobgoblins
  13 jackals
  5 quokkas
  A bat (D:3)
  7 frilled lizards
  7 goblins
  5 goblin zombies (Ossuary)
  3 hobgoblin zombies
  20 kobolds
  A kobold zombie (Ossuary)
  An orc zombie (Ossuary)
  A quokka skeleton (D:5)
  A quokka zombie (D:8)
  4 rats
  17 briar patches
  6 fungi
  A plant (Lair:5)
1081 creatures vanquished.

Vanquished Creatures (others)
  A demonic crawler (Spider:3)
  A hornet (Swamp:3)
  A hippogriff (D:15)
  A spriggan (Swamp:3)
  A redback (Spider:3)
  A centaur (D:11)
  2 jackals (D:7)
  A goblin zombie (D:7)
  2 bushes (Lair:6)
  26 fungi
  50 plants
  13 toadstools (Swamp:1)
100 creatures vanquished.

Grand Total: 1181 creatures vanquished

Notes
Turn   | Place    | Note
-------+----------+-------------------------------------------
     0 | D:1      | kae the Hill Orc Fighter began the quest for the Orb.
     0 | D:1      | Reached XP level 1. HP: 19/19 MP: 1/1
   133 | D:1      | Reached XP level 2. HP: 8/27 MP: 2/2
   848 | D:2      | Reached XP level 3. HP: 33/33 MP: 3/3
  1440 | D:3      | Noticed a centaur
  1447 | D:3      | Killed a centaur
  1447 | D:3      | Reached skill level 5 in Axes
  1447 | D:3      | Reached XP level 4. HP: 33/41 MP: 4/4
  1447 | D:3      | Reached XP level 5. HP: 38/47 MP: 5/5
  1597 | D:3      | Reached skill level 5 in Fighting
  1807 | D:3      | Found a shattered altar of Ashenzari.
  1878 | D:3      | Found a runed translucent door.
  1879 | D:3      | Noticed Crazy Yiuf
  1890 | D:3      | Killed Crazy Yiuf
  2549 | D:4      | Noticed a sky beast
  2582 | D:4      | Killed a sky beast
  2582 | D:4      | Reached XP level 6. HP: 5/56 MP: 6/6
  2937 | D:4      | Got a bound bone ring
  3121 | D:4      | Reached XP level 7. HP: 24/63 MP: 7/7
  3863 | D:4      | Identified the ring of the Leaf {rPois rCorr Str+5} (You
                  | found it on level 4 of the Dungeon)
  3920 | D:5      | Entered Level 5 of the Dungeon
  3968 | D:5      | Found a staircase to the Ecumenical Temple.
  3988 | Temple   | Entered the Ecumenical Temple
  4265 | Temple   | Became a worshipper of Qazlal Stormbringer
  4379 | D:5      | Reached skill level 1 in Invocations
  4379 | D:5      | Reached XP level 8. HP: 46/71 MP: 8/8
  5265 | D:6      | Reached skill level 10 in Axes
  5503 | D:6      | Found Azxiyt's General Store.
  5652 | D:6      | Bought a potion of curing for 42 gold pieces
  5913 | D:7      | Noticed Pikel
  5931 | D:7      | Killed Pikel
  5931 | D:7      | Reached * piety under Qazlal
  5931 | D:7      | Reached XP level 9. HP: 73/81 MP: 10/12
  5963 | D:7      | Found a sand-covered staircase.
  5971 | Ossuary  | Entered an ossuary
  6047 | Ossuary  | Reached skill level 5 in Invocations
  6682 | D:7      | Reached ** piety under Qazlal
  7321 | D:8      | Reached XP level 10. HP: 79/91 MP: 15/15
  7784 | D:8      | Found Mesaun's Antique Weapon Shoppe.
  8280 | D:9      | Reached *** piety under Qazlal
  8350 | D:9      | Noticed Harold
  8353 | D:9      | Reached skill level 10 in Fighting
  8359 | D:9      | Killed Harold
  8719 | D:9      | Identified the ring of Ru's Condemnation {MP+9 Stlth+}
  8938 | D:10     | Entered Level 10 of the Dungeon
  8983 | D:10     | Reached skill level 15 in Axes
  9031 | D:10     | Reached XP level 11. HP: 68/101 MP: 17/17
  9190 | D:10     | Found a staircase to the Lair.
  9204 | D:10     | Noticed a two-headed ogre
  9513 | D:10     | Killed a two-headed ogre
 10515 | D:10     | Found a staircase to the Orcish Mines.
 10544 | D:10     | Reached skill level 10 in Invocations
 10935 | D:11     | Noticed a cyclops
 10944 | D:11     | Noticed a two-headed ogre
 10947 | D:11     | Killed a cyclops
 10950 | D:11     | Killed a two-headed ogre
 11219 | D:11     | Found a runed translucent door.
 11221 | D:11     | Identified the +3 trident of Eruiqiopn {pain, rN+ Str+4}
 11223 | D:11     | Noticed SatoMori's ghost (novice DECj)
 11289 | D:11     | Noticed a brown ugly thing
 11306 | D:11     | Killed a brown ugly thing
 11710 | D:11     | Noticed a two-headed ogre
 11714 | D:11     | Noticed a cyclops
 11716 | D:11     | Killed a two-headed ogre
 11725 | D:11     | Killed a cyclops
 11731 | D:11     | Reached XP level 12. HP: 20/112 MP: 16/20
 12263 | Lair:1   | Entered Level 1 of the Lair of Beasts
 12366 | Lair:1   | Found a runed translucent gate.
 12366 | Lair:1   | Found a runed translucent gate.
 12367 | Lair:1   | Found a runed translucent gate.
 12367 | Lair:1   | Noticed a ten-headed hydra
 12367 | Lair:1   | Noticed an 11-headed hydra
 12367 | Lair:1   | Noticed Lanoc's ghost (novice GnAK)
 13524 | D:11     | Killed SatoMori's ghost
 13866 | Lair:2   | Found a transporter.
 14197 | Lair:2   | Found a transporter.
 14258 | Lair:2   | Noticed a seven-headed hydra
 14265 | Lair:2   | Killed a seven-headed hydra
 15464 | Lair:3   | Found a staircase to the Swamp.
 15492 | Lair:3   | You fall into a shaft and drop 3 floors!
 15492 | Lair:6   | Entered Level 6 of the Lair of Beasts
 15653 | Lair:6   | Reached XP level 13. HP: 21/122 MP: 22/22
 15793 | Lair:5   | Found a frozen archway.
 15799 | IceCv    | Entered an ice cave
 17208 | IceCv    | Reached **** piety under Qazlal
 17221 | IceCv    | Noticed a frost giant
 17231 | IceCv    | Killed a frost giant
 18439 | Lair:6   | Found a staircase to the Slime Pits.
 18510 | Lair:6   | Reached XP level 14. HP: 96/133 MP: 24/24
 18819 | Lair:6   | Found a large runed translucent door.
 18820 | Lair:6   | Reached skill level 15 in Fighting
 18897 | Lair:6   | Found a large runed translucent door.
 19137 | Lair:6   | Reached skill level 15 in Invocations
 20078 | Lair:4   | Reached ***** piety under Qazlal
 20085 | Lair:4   | Noticed Snorg
 20095 | Lair:4   | Killed Snorg
 20153 | Lair:4   | HP: 6/136 [death yak (4)]
 20155 | Lair:4   | HP: 2/136 [death yak (5)]
 21267 | Lair:4   | Found a hole to the Spider Nest.
 21613 | D:12     | Noticed Frances
 21620 | D:12     | Killed Frances
 21714 | D:12     | Noticed Sonja
 21715 | D:12     | Found Vamaig's Weapon Shoppe.
 21719 | D:12     | Killed Sonja
 21719 | D:12     | Reached XP level 15. HP: 45/145 MP: 27/27
 22756 | D:13     | Noticed Urug
 22770 | D:13     | Killed Urug
 23162 | D:14     | Reached skill level 4 in Armour
 23252 | D:14     | Reached skill level 5 in Armour
 23487 | D:14     | Reached skill level 6 in Armour
 23681 | D:14     | Found a gate to the Vaults.
 23731 | D:15     | Entered Level 15 of the Dungeon
 23752 | D:15     | Paralysed by a floating eye for 2 turns
 23755 | D:15     | Reached skill level 7 in Armour
 23760 | D:15     | Paralysed by a floating eye for 3 turns
 23781 | D:15     | Reached skill level 8 in Armour
 23808 | D:15     | Reached skill level 9 in Armour
 24174 | D:15     | Reached skill level 10 in Armour
 24436 | D:15     | Identified the ring of Luikutash {*Tele +Blink Str-2 Int+9}
 24448 | D:15     | Reached ****** piety under Qazlal
 24463 | D:15     | Noticed Agnes
 24478 | D:15     | Killed Agnes
 24478 | D:15     | Reached skill level 11 in Armour
 24837 | D:15     | Noticed a tengu reaver
 24838 | D:15     | Identified the +8 trident of Roeddij {flame, *Slow rElec
                  | Str+2}
 24848 | D:15     | Killed a tengu reaver
 24873 | D:15     | Reached XP level 16. HP: 140/155 MP: 28/28
 24897 | D:15     | Identified the +3 falchion "Hellblazer" {vorpal, rElec rF+
                  | Int+8}
 24905 | D:15     | Reached skill level 12 in Armour
 24915 | D:15     | Paralysed by a floating eye for 3 turns
 25346 | D:15     | Noticed a sphinx
 25350 | D:15     | Identified the ring of the Secret Dances {rPois rF+ MR+
                  | Int+3 Dex+4}
 25355 | D:15     | Killed a sphinx
 25402 | D:15     | Reached skill level 13 in Armour
 25419 | D:15     | Found Qusoas's Antique Armour Emporium.
 25430 | D:15     | Identified a scroll of acquirement
 25430 | D:15     | Identified the amulet of Rabbal {Acrobat +Inv rN+} (You
                  | acquired it on level 15 of the Dungeon)
 25430 | D:15     | Identified the +0 cloak "Vulajuo" {MR- Str+6 Stlth+} (You
                  | acquired it on level 15 of the Dungeon)
 25433 | D:15     | Bought an embroidered cloak for 277 gold pieces
 25482 | D:15     | Noticed Azrael
 25490 | D:15     | Killed Azrael
 25571 | D:15     | Found a staircase to the Depths.
 25714 | D:15     | Found Siggexoa's Food Emporium.
 25730 | D:15     | Paralysed by a centaur for 6 turns
 25789 | D:15     | Identified the cursed ring "Miqixat" {rPois rN+++ EV-2
                  | Str-2 Dex-5}
 25821 | D:15     | Found Ytyifur's Antique Armour Emporium.
 25829 | D:15     | Bought a faintly humming plate armour for 896 gold pieces
 25873 | D:15     | Identified the +1 plate armour "Detost" {rC++} (You bought
                  | it in a shop on level 15 of the Dungeon)
 26079 | Spider:1 | Entered Level 1 of the Spider Nest
 26303 | Spider:1 | Reached skill level 14 in Armour
 27610 | Spider:2 | Reached skill level 15 in Armour
 27814 | Spider:2 | Noticed Asterion
 27826 | Spider:2 | Killed Asterion
 28653 | Spider:3 | Reached skill level 16 in Armour
 28749 | Spider:3 | Noticed Bai Suzhen
 28767 | Spider:3 | Killed Bai Suzhen
 28767 | Spider:3 | Reached XP level 17. HP: 133/161 MP: 29/29
 28768 | Spider:3 | Noticed Arachne
 28787 | Spider:3 | Killed Arachne
 28795 | Spider:2 | Reached skill level 17 in Armour
 30473 | Spider:4 | Entered Level 4 of the Spider Nest
 30495 | Spider:4 | Noticed DrMuscles's ghost (adept MiBe)
 30507 | Spider:4 | Reached skill level 18 in Armour
 30954 | Spider:3 | Gained mutation: Your system is resistant to poisons.
                  | (rPois) [potion of mutation]
 30954 | Spider:3 | Gained mutation: You have a pair of small antennae on your
                  | head. [potion of mutation]
 30955 | Spider:3 | Gained mutation: You are agile. (Dex +2) [potion of
                  | mutation]
 30955 | Spider:3 | Gained mutation: You expend magic power (3 MP) to
                  | strengthen your wands. [potion of mutation]
 30955 | Spider:3 | Gained mutation: You have sharp toenails. [potion of
                  | mutation]
 31830 | Spider:4 | Found a transporter.
 31847 | Spider:4 | Found a transporter.
 31892 | Spider:4 | Reached skill level 19 in Armour
 32933 | Spider:4 | Reached XP level 18. HP: 169/169 MP: 27/30
 32979 | Spider:4 | Got a gossamer rune of Zot
 33296 | Swamp:1  | Entered Level 1 of the Swamp
 33298 | Swamp:1  | Reached skill level 20 in Armour
 35271 | Swamp:2  | Reached skill level 21 in Armour
 36867 | Swamp:4  | Entered Level 4 of the Swamp
 37049 | Swamp:4  | Noticed Mara
 37129 | Swamp:4  | Reached skill level 22 in Armour
 37245 | Swamp:4  | Noticed kae's illusion
 37633 | Swamp:4  | Noticed kae's illusion
 37653 | Swamp:4  | Slain by Mara (illusionary)

Levels and vault maps discovered:
D:1:      dpeg_arrival_pond, layout_basic, lemuel_old_faithful
D:2:      layout_basic
D:3:      layout_loops_ring, marbit_many_paths, chequers_serial_rivers_large_a,
          grunt_decor_arrowhead, minmay_misc_feat_square,
          chequers_serial_rivers_large_b, kennysheep_generic_room_5,
          uniq_crazy_yiuf_cottage
D:4:      layout_loops_corners, first_ration
D:5:      layout_loops_ring, minmay_temple_entry_waves, serial_bayou_pond_e
D:6:      layout_basic, serial_shops, nicolae_shop_window_shopping,
          grunt_ministairs_12, minivault_10
D:7:      layout_basic, nicolae_ossuary_entry_giza, the_bakery, uniq_pikel
D:8:      layout_cave_pools, special_room [special_room_orc], serial_shops,
          nicolae_shop_statue_plus
D:9:      layout_roguey, uniq_harold
D:10:     layout_grid_maze, erik_lair_island
D:11:     layout_basic, ebering_ghost_funeral_grove
D:12:     layout_long_grid, serial_shops, nicolae_shop_stone, uniq_sonja,
          uniq_frances
D:13:     layout_rooms, uniq_urug
D:14:     layout_cave_pools, david_vaults_5, grunt_decor_clamped
D:15:     hangedman_spin_cycle, serial_shops, uniq_agnes
Temple:   roderic_octagonal_lattice_temple
Lair:1:   layout_chaotic_city, gammafunk_ghost_hydra_chop
Lair:2:   gammafunk_cloud_chamber, layout_small_grid, infiniplex_staircase_pool,
          grunt_megastairs_4
Lair:3:   layout_gridlike, minmay_swamp_entry_worms
Lair:4:   minmay_lair_venomous_thicket, layout_cave_shapes,
          nicolae_spider_entry_tight_spaces, grunt_megastairs_2,
          serial_bayou_shore_a, uniq_snorg
Lair:5:   layout_long_grid, portal_ice_cave_entry_pillars_1
Lair:6:   cheibrodos_lair_end_hotspot, layout_regular_city, slime_dummy
Swamp:1:  cheibrodos_swamp_tower_of_moss, layout_falls_marsh,
          evilmike_swamp_ruin_rubble_2
Swamp:2:  layout_basic_swamp, evilmike_swamp_ruin_rubble_1, swamp_pool4
Swamp:3:  layout_basic_swamp, evilmike_swamp_ruin_house_2, roderic_carrion_pond
Swamp:4:  swamp, layout_basic_swamp, ebering_ghost_inner_flame, uniq_mara
Spider:1: layout_chambers, spiders_nest_spider_trap
Spider:2: layout_spider_delve, uniq_asterion
Spider:3: layout_spider_delve, uniq_arachne, uniq_bai_suzhen
Spider:4: floodkiller_spider_rune_tomb, gammafunk_ghost_berserking_beasts

Skill      XL: |  1  2  3  4  5  6  7  8  9 10 11 12 13 14 15 16 17 18 |
---------------+-------------------------------------------------------+-----
Axes           | 3 4 5 7 9 11 13 15 16 18 20 | 20.0
Fighting       | 4 5 6 8 9 10 11 13 14 16 17 | 17.0
Invocations    | 1 4 6 9 10 12 14 16 17 | 17.0
Armour         | 11 16 19 22 | 22.0
Shields        | |  3.2

Action                   |  1- 3 |  4- 6 |  7- 9 | 10-12 | 13-15 | 16-18 || total
-------------------------+-------+-------+-------+-------+-------+-------++-------
Melee: War axe           |    89 |   126 |   342 |   139 |       |       ||   696
       Battleaxe         |       |       |       |   383 |   809 |  1184 ||  2376
Invok: Upheaval          |       |       |       |    13 |     8 |     4 ||    25
Evoke: Wand              |       |       |       |       |       |     4 ||     4
  Use: Scroll            |     7 |     2 |    19 |     7 |    12 |    14 ||    61
       Potion            |       |       |       |     1 |     4 |     3 ||     8
  Eat: Chunk             |     2 |     5 |    14 |    23 |    29 |    26 ||    99
       Ration            |       |       |       |     1 |       |     6 ||     7
Armor: Scale mail        |    37 |    68 |   145 |   214 |    74 |       ||   538
       Plate armour      |       |       |       |       |   415 |  1018 ||  1433
Dodge: Dodged            |    26 |    28 |    71 |   176 |   217 |   420 ||   938
       Repelled          |       |       |       |       |    15 |    20 ||    35
Block: Kite shield       |    45 |    38 |   143 |    73 |       |       ||   299
       Other             |       |       |       |    51 |   151 |   416 ||   618

Table legend:
 A = Non-vault XP
 B = Vault XP
 C = Vault XP percentage of total XP
 D = Non-vault monster count
 E = Vault monster count
 F = Vault count percentage of total count
                 A         B        C        D         E       F
            +---------+---------+-------+---------+---------+-------
      Total |  179057 |  136791 |  43.3 |     715 |     341 |  32.3
            +---------+---------+-------+---------+---------+-------
        D:1 |      33 |       0 |   0.0 |      14 |       0 |   0.0
        D:2 |      38 |       0 |   0.0 |      15 |       0 |   0.0
        D:3 |     165 |      58 |  26.0 |      24 |       3 |  11.1
        D:4 |     562 |       0 |   0.0 |      18 |       0 |   0.0
        D:5 |     419 |       0 |   0.0 |      21 |       0 |   0.0
        D:6 |     390 |      96 |  19.8 |      10 |       2 |  16.7
        D:7 |     901 |     894 |  49.8 |      22 |       4 |  15.4
        D:8 |    1593 |     508 |  24.2 |      27 |      24 |  47.1
        D:9 |     883 |     981 |  52.6 |      23 |       1 |   4.2
       D:10 |    4237 |     889 |  17.3 |      38 |       8 |  17.4
       D:11 |    5474 |    1624 |  22.9 |      30 |       5 |  14.3
       D:12 |    2762 |    3054 |  52.5 |      16 |       2 |  11.1
       D:13 |    3261 |     815 |  20.0 |      13 |       1 |   7.1
       D:14 |    6114 |    1018 |  14.3 |      18 |       1 |   5.3
       D:15 |    1002 |   47248 |  97.9 |       4 |      88 |  95.7
     Lair:1 |    3292 |       0 |   0.0 |      16 |       0 |   0.0
     Lair:2 |    3217 |       0 |   0.0 |      11 |       0 |   0.0
     Lair:3 |    3890 |     167 |   4.1 |      18 |       1 |   5.3
     Lair:4 |    9810 |    7590 |  43.6 |      33 |      23 |  41.1
     Lair:5 |    3635 |       0 |   0.0 |      18 |       0 |   0.0
     Lair:6 |    8802 |    8292 |  48.5 |      34 |      29 |  46.0
    Swamp:1 |   11351 |    2109 |  15.7 |      28 |       1 |   3.4
    Swamp:2 |   15013 |       0 |   0.0 |      37 |       0 |   0.0
    Swamp:3 |   21654 |     719 |   3.2 |      39 |       6 |  13.3
    Swamp:4 |   10635 |     452 |   4.1 |      23 |       2 |   8.0
   Spider:1 |   11974 |    1758 |  12.8 |      37 |       8 |  17.8
   Spider:2 |   13804 |    2039 |  12.9 |      46 |       1 |   2.1
   Spider:3 |   21176 |    8783 |  29.3 |      54 |       2 |   3.6
   Spider:4 |   12970 |   34643 |  72.8 |      28 |      71 |  71.7
    Ossuary |       0 |     351 | 100.0 |       0 |      14 | 100.0
      IceCv |       0 |   12703 | 100.0 |       0 |      44 | 100.0
            +---------+---------+-------+---------+---------+-------
